[Event "Titled Tuesday Blitz January 10 Late 2023"]
[White "Mikhailov, Viacheslav"]
[Black "TheKnightOfBosnia"]
[WhiteFideId "4187369"]
[WhiteElo "2428"]
[BlackElo "2537"]
[Result "1-0"]
[Round "09"]
[TimeControl "180+2"]
[Date "2023.01.10"]
[WhiteClock "0:00:18"]
[BlackClock "0:00:11"]

1. Nf3 Nf6 2. g3 b6 3. Bg2 Bb7 4. O-O g6 5. d3 Bg7 6. c4 O-O 7. Nc3 e6 8. Bf4 a6 9. Rc1 d5 10. cxd5 exd5 11. Qd2 Nbd7 12. Ne5 Nxe5 13. Bxe5 c5 14. d4 Rc8 15. dxc5 bxc5 16. b3 Ne4 17. Nxe4 dxe4 18. Qxd8 Rfxd8 19. Bxg7 Kxg7 20. Rfd1 Rxd1+ 21. Rxd1 c4 22. bxc4 Rxc4 23. h4 Rc2 24. Rd7 Bc6 25. Rc7 Kf6 26. e3 Ba4 27. Rxc2 Bxc2 28. Kf1 Ke5 29. Ke1 Kd5 30. Kd2 Bb1 31. a3 a5 32. Kc3 Bd3 33. g4 h6 34. g5 hxg5 35. hxg5 Bb5 36. Bh3 Ke5 37. Bc8 Kd5 38. Bb7+ Ke5 39. Ba8 Bd3 40. f4+ Kf5 41. Kd4 Bb1 42. Bd5 f6 43. Bxe4+ Bxe4 44. gxf6 Kxf6 45. Kxe4 Ke6 46. Kf3 Kd5 47. e4+ Kd4 48. e5 Kd5 49. Kg4 a4 50. Kg5 Kc5 51. Kxg6 1-0


[Site "https://www.chess.com"]

[Event "Titled Tuesday Blitz January 10 Late 2023"]
[White "gshwbedhkhd"]
[Black "Papasimakopoulos, Alexandros"]
[BlackFideId "4244125"]
[WhiteElo "2527"]
[BlackElo "2401"]
[Result "0-1"]
[Round "09"]
[TimeControl "180+2"]
[Date "2023.01.10"]
[WhiteClock "0:00:03"]
[BlackClock "0:00:09"]

1. e4 e6 2. d4 d5 3. Nc3 Bb4 4. e5 b6 5. h4 Ne7 6. h5 h6 7. a3 Bxc3+ 8. bxc3 O-O 9. Qg4 Kh8 10. Rh3 Ba6 11. Bd3 Bxd3 12. cxd3 c5 13. Nf3 Nbc6 14. Nh4 Qd7 15. Rg3 Rg8 16. Qf3 Raf8 17. Be3 cxd4 18. cxd4 f6 19. Ng6+ Nxg6 20. hxg6 fxe5 21. Qh5 Rf5 22. Qh3 Rc8 23. Bxh6 Kg8 24. Bg5 Rxg5 25. Qh7+ Kf8 26. Qh8+ Ke7 27. Qxg7+ Kd6 28. Qxd7+ Kxd7 29. Rxg5 Nxd4 30. Kf1 Ke7 31. g7 Rg8 32. Re1 Kf6 33. Rgxe5 Rxg7 34. Rh5 Rc7 35. Rh6+ Kf5 36. f3 Rc2 37. Rh4 Nb3 38. Rh5+ Kf4 39. Rxe6 Nc1 0-1


[Site "https://www.chess.com"]

[Event "Titled Tuesday Blitz January 10 Late 2023"]
[White "Winterberg, Lukas"]
[Black "Jaferian, Koosha"]
[WhiteFideId "24622702"]
[BlackFideId "12507440"]
[WhiteElo "2402"]
[BlackElo "2233"]
[Result "0-1"]
[Round "09"]
[TimeControl "180+2"]
[Date "2023.01.10"]
[WhiteClock "0:00:14"]
[BlackClock "0:00:15"]

1. e4 c6 2. d4 d5 3. e5 Bf5 4. h4 h5 5. Bd3 Bxd3 6. Qxd3 Qa5+ 7. Nd2 e6 8. Ne2 Nh6 9. O-O Nf5 10. Nf3 Be7 11. b3 Nxh4 12. c4 Nf5 13. Bg5 Qd8 14. Bxe7 Qxe7 15. Rac1 g5 16. cxd5 g4 17. Nd2 h4 18. Ne4 Nd7 19. dxc6 bxc6 20. Rxc6 h3 21. g3 Rd8 22. Rc7 Qb4 23. Kh2 Nxe5 24. Nf6+ Kf8 25. Qe4 Nf3+ 26. Kh1 Nd2 27. Qxg4 Nxf1 28. Nd7+ Rxd7 29. Rc8+ Ke7 30. Rxh8 Qb7+ 31. f3 Kd6 32. Qf4+ Kc6 33. Kg1 N1e3 34. g4 Qb4 35. Kf2 Nd1+ 36. Kf1 Nfe3+ 37. Kg1 Qe1+ 38. Kh2 Qxe2+ 39. Kxh3 Qg2+ 40. Kh4 Qh1+ 41. Kg5 Qxh8 42. Qe4+ Nd5 43. Qc2+ Kb7 44. Qxd1 Qg7+ 45. Kh4 Qh6+ 46. Kg3 Qf4+ 47. Kg2 Ne3+ 0-1


[Site "https://www.chess.com"]

[Event "Titled Tuesday Blitz January 10 Late 2023"]
[White "Rodriguez Fontecha, Marcos"]
[Black "Haydon, David L"]
[WhiteFideId "2256576"]
[BlackFideId "415405"]
[WhiteElo "2309"]
[BlackElo "2253"]
[Result "0-1"]
[Round "09"]
[TimeControl "180+2"]
[Date "2023.01.10"]
[WhiteClock "0:00:19"]
[BlackClock "0:01:14"]

1. e4 c6 2. d4 d5 3. Nc3 dxe4 4. Nxe4 Nf6 5. Nxf6+ exf6 6. c3 h5 7. Bd3 Bd6 8. Qc2 O-O 9. Ne2 Re8 10. Be3 Nd7 11. O-O-O Nf8 12. Nf4 h4 13. g3 Bg4 14. Rde1 g5 15. Ne2 Bf3 16. Rhg1 h3 17. Bf5 g4 18. Nf4 Qa5 19. Kb1 Qxf5 20. Qxf5 Be4+ 21. Qxe4 Rxe4 22. Ne2 Rae8 23. Kc2 Ng6 24. Kd3 f5 25. c4 b6 26. Nc3 R4e7 27. a4 Bb4 28. Bd2 Bxc3 29. Bxc3 f4 30. Rxe7 Rxe7 31. d5 cxd5 32. cxd5 f5 33. Kc4 Rd7 34. Re1 fxg3 35. fxg3 Kf7 36. Re6 Ne7 37. Rf6+ Ke8 38. d6 Ng8 39. Rg6 Kf8 40. Kd5 Ne7+ 41. Ke6 Rxd6+ 42. Kxd6 Nxg6 43. Be1 f4 44. gxf4 Nxf4 45. b4 Ne2 46. a5 bxa5 47. bxa5 g3 48. Bxg3 Nxg3 49. Kc6 Nf1 50. Kb7 Nxh2 51. Kxa7 Ng4 52. a6 h2 53. Kb8 h1=Q 54. a7 Qb1+ 55. Ka8 Qe4+ 56. Kb8 Qe5+ 57. Ka8 Nf6 58. Kb7 Qb5+ 59. Ka8 Qd7 60. Kb8 Nd5 61. a8=Q Qc7# 0-1


[Site "https://www.chess.com"]

[Event "Titled Tuesday Blitz January 10 Late 2023"]
[White "Sourath Biswas"]
[Black "Goncalves, Davi Sulzbacher"]
[WhiteFideId "35091484"]
[BlackFideId "2154510"]
[WhiteElo "2281"]
[BlackElo "2282"]
[Result "1-0"]
[Round "09"]
[TimeControl "180+2"]
[Date "2023.01.10"]
[WhiteClock "0:01:05"]
[BlackClock "0:00:28"]

1. d4 Nf6 2. Bf4 e6 3. e3 Bd6 4. c3 Bxf4 5. exf4 d6 6. Nf3 b6 7. Bd3 Bb7 8. Nbd2 Nc6 9. Qe2 Ne7 10. h4 Qd7 11. h5 h6 12. g3 O-O-O 13. Ba6 Qa4 14. Bxb7+ Kxb7 15. Qd3 Qa6 16. Qc2 c5 17. dxc5 bxc5 18. Ne4 Nxe4 19. Qxe4+ d5 20. Qe3 d4 21. cxd4 cxd4 22. Nxd4 Qa5+ 23. Kf1 Qd5 24. Qb3+ Qxb3 25. Nxb3 Rd5 26. Ke2 Rc8 27. Rac1 Rxc1 28. Nxc1 Nc6 29. Nd3 Nd4+ 30. Kd2 a5 31. g4 f5 32. g5 hxg5 33. fxg5 Nf3+ 34. Ke3 Nxg5 35. Rg1 Nh7 36. Rxg7+ 1-0


[Site "https://www.chess.com"]

[Event "Titled Tuesday Blitz January 10 Late 2023"]
[White "Korchmar, Vasiliy"]
[Black "Hoffmann, Asa"]
[WhiteFideId "24131750"]
[BlackFideId "2001470"]
[WhiteElo "2438"]
[BlackElo "2185"]
[Result "0-1"]
[Round "09"]
[TimeControl "180+2"]
[Date "2023.01.10"]
[WhiteClock "0:02:35"]
[BlackClock "0:02:09"]

1. e4 d6 2. d4 Nf6 3. Nc3 c6 4. f3 Nbd7 5. Be3 e5 6. Nge2 Be7 7. Qd2 b5 8. h4 Nb6 9. Ng3 h5 10. O-O-O Qc7 11. Kb1 a6 12. dxe5 dxe5 13. Qf2 Rb8 14. Bc5 b4 15. Nce2 Na4 16. Bxe7 Qxe7 17. Nc1 Nc3+ 18. bxc3 bxc3+ 19. Ka1 Qa3 20. Nd3 Rb2 21. Nc1 Rb1+ 22. Kxb1 Qb2# 0-1


[Site "https://www.chess.com"]

[Event "Titled Tuesday Blitz January 10 Late 2023"]
[White "Bjelobrk, Igor"]
[Black "Boder, Jan"]
[WhiteFideId "4300726"]
[BlackFideId "16243226"]
[WhiteElo "2403"]
[BlackElo "2294"]
[Result "1-0"]
[Round "09"]
[TimeControl "180+2"]
[Date "2023.01.10"]
[WhiteClock "0:00:13"]
[BlackClock "0:00:04"]

1. Nf3 c5 2. g3 Nc6 3. Bg2 g6 4. c4 Bg7 5. Nc3 d6 6. O-O e5 7. a3 Nge7 8. b4 O-O 9. Rb1 Be6 10. d3 cxb4 11. axb4 d5 12. b5 Nd4 13. cxd5 Nxd5 14. Ne4 Rc8 15. Ba3 Re8 16. Qd2 Bf8 17. Bxf8 Rxf8 18. Nxe5 f6 19. Nc4 Nb6 20. Rfd1 Qd7 21. Kh1 Nxb5 22. Nxb6 axb6 23. Qb4 Nd4 24. e3 Nf5 25. Qxb6 Rb8 26. Nc5 Qf7 27. Qxe6 Rfe8 28. Qxf7+ Kxf7 29. Rxb7+ Rxb7 30. Nxb7 Rb8 31. d4 h5 32. h4 g5 33. hxg5 fxg5 34. Rc1 h4 35. g4 Nh6 36. Bf3 Kf6 37. Rc6+ Kg7 38. Rc5 Nf7 39. Kg2 Ra8 40. Rc7 Ra7 41. d5 Kf6 42. d6 Nxd6 43. Nxd6 Rxc7 44. Ne8+ 1-0


[Site "https://www.chess.com"]

[Event "Titled Tuesday Blitz January 10 Late 2023"]
[White "Bochnicka, Vladimir"]
[Black "Preotu, Razvan"]
[WhiteFideId "14943450"]
[BlackFideId "2613280"]
[WhiteElo "2327"]
[BlackElo "2475"]
[Result "0-1"]
[Round "09"]
[TimeControl "180+2"]
[Date "2023.01.10"]
[WhiteClock "0:01:20"]
[BlackClock "0:01:45"]

1. Nf3 c5 2. g3 Nc6 3. Bg2 e5 4. O-O d5 5. d3 Be7 6. Nbd2 Be6 7. e4 d4 8. a4 h5 9. Nc4 Qc7 10. Ng5 Bxg5 11. Bxg5 f6 12. Bd2 O-O-O 13. f4 h4 14. b3 hxg3 15. hxg3 Nh6 16. f5 Bxc4 17. bxc4 Nf7 18. Kf2 Nb4 19. Qb1 a5 20. Qb2 Rh7 21. Rh1 Rdh8 22. Rxh7 Rxh7 23. Rh1 Rxh1 24. Bxh1 Qd7 25. Qb3 Kb8 26. Bf3 Nd6 27. Be2 Nc8 28. c3 dxc3 29. Bxc3 Ka7 30. Ke3 Nb6 31. Bxb4 axb4 32. a5 Na4 33. Bd1 Qd4+ 34. Kf3 Nc3 35. Bc2 Qg1 0-1


[Site "https://www.chess.com"]

[Event "Titled Tuesday Blitz January 10 Late 2023"]
[White "Pasti, Aron"]
[Black "Janaszak, Dawid"]
[WhiteFideId "785857"]
[BlackFideId "1119206"]
[WhiteElo "2361"]
[BlackElo "2316"]
[Result "1-0"]
[Round "09"]
[TimeControl "180+2"]
[Date "2023.01.10"]
[WhiteClock "0:00:06"]
[BlackClock "0:00:07"]

1. e4 c5 2. Nf3 e6 3. d4 cxd4 4. Nxd4 a6 5. Bd3 g6 6. O-O Bg7 7. Nb3 Ne7 8. c4 Nbc6 9. Nc3 O-O 10. Bf4 d5 11. exd5 exd5 12. c5 d4 13. Ne4 Nd5 14. Bg5 Qc7 15. Bc4 Be6 16. Qd2 f6 17. Bh4 Ne5 18. Bxd5 Bxd5 19. Qxd4 Rad8 20. Nd6 Bc6 21. f4 Nf7 22. Rad1 Nh6 23. Qc4+ Kh8 24. Nd4 Bxg2 25. Ne6 Qc6 26. Nxd8 Bxf1 27. Qxf1 Rxd8 28. Qc4 Qf3 29. Re1 Qg4+ 30. Bg3 Rf8 31. Qe4 Nf5 32. Nxf5 gxf5 33. Qxb7 h5 34. Re7 h4 35. Rxg7 Qxg7 36. Qxg7+ Kxg7 37. Bxh4 Rb8 38. b3 Rb5 39. Bf2 Rb4 40. Be3 Kf7 41. c6 Re4 42. c7 Re8 43. Bb6 Ke6 44. Kf1 Kd7 45. Kf2 Rh8 46. Kg3 Rg8+ 47. Kf3 Rg4 48. h3 Rh4 49. Kg3 Rh7 50. h4 Rg7+ 51. Kf3 Rh7 52. Kg3 Rg7+ 53. Kf3 Rg4 54. a4 Rxh4 55. b4 Rh3+ 56. Ke2 Rb3 57. b5 axb5 58. a5 Ra3 59. Kd2 b4 60. Ke2 Ra2+ 61. Kd3 b3 62. Kc3 Ra4 63. Kxb3 Rxf4 64. a6 Rf1 65. a7 Ra1 66. Kb4 f4 67. Ba5 Rb1+ 68. Ka4 Ra1+ 69. Kb5 Rb1+ 70. Ka6 f3 71. a8=Q f2 72. c8=Q+ Ke7 73. Qf8+ Ke6 74. Qae8+ Kf5 75. Qd7+ Kf4 1-0


[Site "https://www.chess.com"]

[Event "Titled Tuesday Blitz January 10 Late 2023"]
[White "Ongut, Tamas Gunes"]
[Black "Golubev, Mikhail"]
[WhiteFideId "770280"]
[BlackFideId "14100983"]
[WhiteElo "2299"]
[BlackElo "2461"]
[Result "1-0"]
[Round "09"]
[TimeControl "180+2"]
[Date "2023.01.10"]
[WhiteClock "0:00:47"]
[BlackClock "0:00:10"]

1. d4 Nf6 2. c4 g6 3. Nc3 Bg7 4. e4 d6 5. Be2 O-O 6. Be3 c5 7. d5 e6 8. h4 exd5 9. cxd5 Re8 10. f3 Nh5 11. Qd2 Ng3 12. Rh2 f5 13. Bf4 Nh5 14. Bg5 Qb6 15. g4 fxg4 16. fxg4 Ng3 17. O-O-O Nxe4 18. Nxe4 Rxe4 19. Bd3 Rd4 20. Re2 Bxg4 21. Re8+ Kf7 22. Re7+ Kg8 23. Bh6 Bxh6 24. Qxh6 1-0


[Site "https://www.chess.com"]

[Event "Titled Tuesday Blitz January 10 Late 2023"]
[White "Bayo Milagro, Alvaro"]
[Black "Novikov, Evgenij"]
[WhiteFideId "22275240"]
[BlackFideId "4125380"]
[WhiteElo "2287"]
[BlackElo "2276"]
[Result "0-1"]
[Round "09"]
[TimeControl "180+2"]
[Date "2023.01.10"]
[WhiteClock "0:00:02"]
[BlackClock "0:00:11"]

1. e4 c5 2. Nf3 d6 3. Bb5+ Bd7 4. Bxd7+ Nxd7 5. O-O Ngf6 6. Re1 e6 7. d3 Be7 8. Nbd2 O-O 9. c3 b5 10. d4 cxd4 11. cxd4 Nb6 12. Nf1 a5 13. Ng3 a4 14. Bd2 Nc4 15. Bc3 Qb6 16. b3 Na5 17. bxa4 Rfc8 18. Bxa5 Rxa5 19. axb5 Qxb5 20. e5 Nd5 21. exd6 Bxd6 22. Ne4 Bb4 23. Rb1 Qa6 24. Rf1 Rxa2 25. Ne5 Be7 26. Qh5 g6 27. Qf3 f5 28. Nc5 Bxc5 29. dxc5 Rxc5 30. Qg3 Qd6 31. Rfe1 Ra8 32. Qg5 Qe7 33. Qd2 Rd8 34. Rbd1 Rcc8 35. Qh6 Nc3 36. Rxd8+ Rxd8 37. Nf3 Nd5 38. h3 Nf6 39. Ng5 e5 40. Qh4 e4 41. f3 Re8 42. fxe4 fxe4 43. Qf4 Kg7 44. Kh2 h6 45. Nxe4 Nxe4 0-1


[Site "https://www.chess.com"]

[Event "Titled Tuesday Blitz January 10 Late 2023"]
[White "Arenas, David"]
[Black "Suvorov, Alexander"]
[WhiteFideId "4403177"]
[BlackFideId "12977063"]
[WhiteElo "2426"]
[BlackElo "2338"]
[Result "0-1"]
[Round "09"]
[TimeControl "180+2"]
[Date "2023.01.10"]
[WhiteClock "0:00:04"]
[BlackClock "0:00:06"]

1. e4 c5 2. Nf3 e6 3. d4 cxd4 4. Nxd4 a6 5. Bd3 Qc7 6. O-O b5 7. a4 bxa4 8. Rxa4 Nf6 9. Nc3 Be7 10. Qe2 d6 11. Be3 O-O 12. Rfa1 Bb7 13. Nb3 Nc6 14. Bxa6 Rab8 15. Bd3 Ne5 16. f3 Rfc8 17. Ra7 Nc6 18. R7a2 Nb4 19. Ra4 d5 20. Nb5 Qd8 21. e5 Nd7 22. f4 Nxd3 23. Qxd3 Bc6 24. N3d4 Nc5 25. Nxc6 Rxc6 26. Bxc5 Bxc5+ 27. Kh1 Rcb6 28. Nd4 Rxb2 29. g3 Qb6 30. Nb3 Bf2 31. Kg2 Be3 32. Ra6 Qb7 33. Kh3 d4 34. Nxd4 Bxd4 35. Qxd4 Rxc2 36. Ra7 Qg2+ 37. Kg4 Qe2+ 38. Kh4 Qxh2+ 39. Kg4 h5+ 40. Kg5 Qxg3+ 0-1


[Site "https://www.chess.com"]

[Event "Titled Tuesday Blitz January 10 Late 2023"]
[White "Fisher_TheGalactic"]
[Black "Arencibia Monduy, Antonio"]
[BlackFideId "3507939"]
[WhiteElo "2556"]
[BlackElo "2122"]
[Result "1-0"]
[Round "09"]
[TimeControl "180+2"]
[Date "2023.01.10"]
[WhiteClock "0:00:39"]
[BlackClock "0:00:05"]

1. Nf3 d5 2. g3 Nf6 3. Bg2 e6 4. O-O Be7 5. d3 O-O 6. Nbd2 b6 7. e4 Bb7 8. exd5 exd5 9. Re1 Nbd7 10. Nf1 Re8 11. Bf4 Nc5 12. Ne5 Ne6 13. Bd2 c5 14. Ne3 Qc7 15. Nf5 Bf8 16. Ng4 Nxg4 17. Qxg4 Kh8 18. Rad1 Rad8 19. Nh4 d4 20. Bxb7 Qxb7 21. Qf3 Qxf3 22. Nxf3 f6 23. Re2 Kg8 24. Rde1 Kf7 25. Nh4 g6 26. Ng2 Bd6 27. f4 Nc7 28. Rxe8 Nxe8 29. Nh4 Nc7 30. Nf3 Nd5 31. Kf2 Rc8 32. b3 Re8 33. Rxe8 Kxe8 34. Nh4 Kf7 35. Ng2 Ke6 36. Kf3 Nc7 37. a4 Nd5 38. Ne1 Bf8 39. Ke2 Bd6 40. Nf3 Kf5 41. h3 Ke6 42. Nh4 Ne7 43. Ng2 f5 44. Ne1 Nd5 45. Nf3 Kf6 46. Be1 h6 47. Nd2 g5 48. Nc4 Bc7 49. fxg5+ hxg5 50. Kf3 Kg6 51. Bd2 Kh5 52. g4+ fxg4+ 53. hxg4+ Kg6 54. Na3 a6 55. Nc4 Kf6 56. Ke4 Ne7 57. b4 cxb4 58. Bxb4 Nc6 59. Ba3 Ke6 60. Bb2 b5 61. axb5 axb5 62. Na3 b4 63. Nb5 Bb6 64. Nxd4+ Bxd4 65. Bxd4 Na5 66. Bb6 b3 67. cxb3 Nxb3 68. Bd8 Nc5+ 69. Ke3 Nd7 70. d4 Kf7 71. Bxg5 Ke6 72. Ke4 Nb6 73. Bf4 Nd5 74. Be5 Nc3+ 75. Kf3 Nd5 76. Kg3 Kf7 77. Kh4 Kg6 78. g5 Nc3 79. Kg4 Nd5 80. Bd6 Ne3+ 81. Kf4 Nd5+ 82. Ke5 Nb6 83. Be7 Nc4+ 84. Ke6 Nb6 85. d5 Nc4 86. d6 Nb6 87. d7 Nxd7 88. Kxd7 Kf7 89. Kd6 Kg6 90. Ke6 Kg7 91. Kf5 Kg8 92. Bf6 Kf7 93. g6+ Kg8 94. Ke6 Kf8 95. g7+ Kg8 96. Ke7 Kh7 97. Kf7 1-0


[Site "https://www.chess.com"]

[Event "Titled Tuesday Blitz January 10 Late 2023"]
[White "Carbone, Diego"]
[Black "Przybylski, Wojciech"]
[WhiteFideId "3002179"]
[BlackFideId "1117599"]
[WhiteElo "2336"]
[BlackElo "2321"]
[Result "0-1"]
[Round "09"]
[TimeControl "180+2"]
[Date "2023.01.10"]
[WhiteClock "0:00:03"]
[BlackClock "0:00:07"]

1. d4 d5 2. c4 dxc4 3. e4 e5 4. Nf3 exd4 5. Bxc4 Nc6 6. O-O Nf6 7. Qb3 Qe7 8. Re1 h6 9. e5 Nh7 10. Nbd2 Ng5 11. Bb5 Ne6 12. Bxc6+ bxc6 13. Ne4 Qb4 14. Qc2 Bb7 15. Bd2 Qb5 16. a4 Qd5 17. b4 Be7 18. a5 a6 19. Rac1 O-O 20. Qd3 Rad8 21. Rc4 c5 22. bxc5 Nxc5 23. Nxc5 Bxc5 24. Rec1 Ba7 25. Rxc7 Rd7 26. Bb4 Re8 27. Bd6 Rxc7 28. Rxc7 Bb8 29. Rc5 Qa2 30. h3 Ba7 31. Rc7 Qb2 32. Qf5 Qb3 33. Qd7 Rb8 34. Kh2 d3 35. Nd2 Qe6 36. Qxe6 fxe6 37. Rc3 Rc8 38. Rxd3 Bxf2 39. Nf3 Bd5 40. Rd2 Be3 41. Rd3 Bf4+ 42. Kg1 Bc1 43. Kf2 Bb2 44. Nd4 Bc3 45. Ne2 Bxa5 46. Nf4 Bb6+ 47. Kg3 Bc4 48. Rc3 Ba5 49. Rc1 Bd2 50. Rc2 Be1+ 51. Kf3 a5 52. Nxe6 Bxe6 53. Rxc8+ Bxc8 54. Ke4 a4 55. Kd5 Kf7 56. Ba3 Be6+ 57. Ke4 Bd2 58. g4 Ba5 59. h4 Bd8 0-1


[Site "https://www.chess.com"]

[Event "Titled Tuesday Blitz January 10 Late 2023"]
[White "Estrada Nieto, Julian"]
[Black "Fiorito, Francisco"]
[WhiteFideId "5101018"]
[BlackFideId "180165"]
[WhiteElo "2215"]
[BlackElo "2305"]
[Result "1/2-1/2"]
[Round "09"]
[TimeControl "180+2"]
[Date "2023.01.10"]
[WhiteClock "0:00:31"]
[BlackClock "0:00:39"]

1. e4 c5 2. Nf3 Nc6 3. Bb5 g6 4. Bxc6 dxc6 5. d3 Bg7 6. h3 Nf6 7. Nc3 O-O 8. Be3 b6 9. Qd2 e5 10. Bh6 Qd6 11. Bxg7 Kxg7 12. O-O Nh5 13. Ne2 h6 14. Qc3 Re8 15. Nd2 Qf6 16. f4 exf4 17. Qxf6+ Nxf6 18. Nxf4 g5 19. Ne2 Be6 20. b3 Rad8 21. Ng3 Nd7 22. Nf5+ Kg6 23. Rf2 Ne5 24. Raf1 b5 25. Nf3 Nxf3+ 26. Rxf3 Rd7 27. e5 Rd5 28. Nd6 Re7 29. Rf6+ Kg7 30. Nf5+ Bxf5 31. R1xf5 Rdxe5 32. Rxf7+ Rxf7 33. Rxe5 c4 34. bxc4 bxc4 35. dxc4 Kf6 36. Rc5 Rc7 37. Kf2 Ke6 38. Ke3 Kd6 39. Ra5 Rf7 40. a4 Re7+ 41. Kf3 Rf7+ 42. Ke3 Re7+ 43. Kd3 Rf7 44. Ke3 1/2-1/2


[Site "https://www.chess.com"]

[Event "Titled Tuesday Blitz January 10 Late 2023"]
[White "Le Goff, Ronan"]
[Black "Gavilan Diaz, Mario"]
[WhiteFideId "612073"]
[BlackFideId "2260905"]
[WhiteElo "2320"]
[BlackElo "2271"]
[Result "0-1"]
[Round "09"]
[TimeControl "180+2"]
[Date "2023.01.10"]
[WhiteClock "0:02:04"]
[BlackClock "0:00:51"]

1. d4 Nf6 2. c4 c5 3. d5 e6 4. Nc3 exd5 5. cxd5 d6 6. e4 g6 7. h3 Bg7 8. Bd3 O-O 9. Nf3 b5 10. O-O c4 11. Bc2 b4 12. Ne2 Re8 13. Ng3 a5 14. Re1 Na6 15. Nd4 Bd7 16. Bf4 Qb6 17. e5 Nxd5 18. Bg5 Bxe5 19. Rxe5 dxe5 20. Nf3 Bc6 21. Ne4 Nc5 22. Nf6+ Nxf6 23. Bxf6 e4 24. Ng5 Bb7 25. Bd4 Rad8 26. Nxh7 Kxh7 27. Qh5+ gxh5 0-1


[Site "https://www.chess.com"]

[Event "Titled Tuesday Blitz January 10 Late 2023"]
[White "Sivakumar, Shaaketh"]
[Black "Al-Tarboush, Ward"]
[WhiteFideId "30940176"]
[BlackFideId "7601450"]
[WhiteElo "2337"]
[BlackElo "2256"]
[Result "0-1"]
[Round "09"]
[TimeControl "180+2"]
[Date "2023.01.10"]
[WhiteClock "0:00:02"]
[BlackClock "0:00:28"]

1. d4 Nf6 2. Nf3 g6 3. g3 Bg7 4. Bg2 O-O 5. O-O d5 6. b3 c5 7. Bb2 cxd4 8. Nxd4 Nc6 9. Nxc6 bxc6 10. Nd2 Bf5 11. c4 a5 12. a3 Rb8 13. Rc1 Qb6 14. Bc3 d4 15. Ba1 e5 16. Nf3 Rfe8 17. Nxe5 Rxe5 18. Bxd4 Qc7 19. Bxe5 Qxe5 20. Bxc6 h5 21. e3 h4 22. Qd4 Qe6 23. Qa7 Qxc6 24. Qxb8+ Kh7 25. Qf4 h3 26. f3 Bh6 27. Qd4 Ng4 28. Rce1 Bg5 29. e4 Bf6 30. Qd5 Qb6+ 31. c5 Qb5 32. fxg4 Be6 33. Qd2 Qxc5+ 34. Kh1 Bg5 35. b4 Qe5 36. Qf2 a4 37. Qa7 Kg8 38. Rf2 Qc3 39. Ref1 Be3 40. Rxf7 Bxa7 41. Rxa7 Bc4 42. Ra8+ Kg7 43. Ra7+ Kh6 44. g5+ Kxg5 45. Ra5+ Kh6 46. Rc5 Qb3 47. Rxc4 Qxc4 48. Kg1 Qe2 49. Rf2 Qe1+ 50. Rf1 Qxe4 51. Rf2 Qd5 52. Re2 Qd4+ 53. Kf1 Qd3 54. b5 Qxb5 55. Kf2 Qb3 56. Re3 Qc2+ 57. Kf3 Qg2+ 58. Kg4 Qxh2 59. Re4 Qg2 60. Rxa4 h2 61. Ra8 Qe4+ 62. Kh3 h1=Q# 0-1


[Site "https://www.chess.com"]

[Event "Titled Tuesday Blitz January 10 Late 2023"]
[White "Kleiman, Jake"]
[Black "Becerra, Juan David"]
[WhiteFideId "2020041"]
[BlackFideId "4404998"]
[WhiteElo "2399"]
[BlackElo "2382"]
[Result "1-0"]
[Round "09"]
[TimeControl "180+2"]
[Date "2023.01.10"]
[WhiteClock "0:00:13"]
[BlackClock "0:00:12"]

1. e4 e5 2. Nf3 Nc6 3. Bc4 Bc5 4. c3 Nf6 5. d3 O-O 6. O-O d5 7. exd5 Nxd5 8. Re1 Bg4 9. h3 Bh5 10. Nbd2 Nb6 11. Bb5 f6 12. Ne4 Be7 13. Ng3 Bg6 14. d4 exd4 15. Bxc6 bxc6 16. Nxd4 Qd7 17. Qf3 c5 18. Ndf5 Rae8 19. Be3 Bd6 20. Rad1 Qa4 21. a3 Nc4 22. Bc1 Bxg3 23. Nxg3 Rxe1+ 24. Rxe1 Ne5 25. Qd5+ Bf7 26. Qd1 Qxd1 27. Rxd1 c4 28. Be3 a6 29. Ne4 Rb8 30. Nc5 a5 31. f4 Nd3 32. Nxd3 cxd3 33. Rxd3 a4 34. Bc5 Bb3 35. Bb4 Rb5 36. Rd8+ Kf7 37. Rd7+ Kg6 38. Rxc7 Rd5 39. g4 Rd2 40. Bf8 h5 41. Rxg7+ Kh6 42. g5+ fxg5 43. fxg5# 1-0


[Site "https://www.chess.com"]

[Event "Titled Tuesday Blitz January 10 Late 2023"]
[White "Bon, Michael"]
[Black "Berezin, Viktor"]
[WhiteFideId "620696"]
[BlackFideId "14107872"]
[WhiteElo "2394"]
[BlackElo "2307"]
[Result "0-1"]
[Round "09"]
[TimeControl "180+2"]
[Date "2023.01.10"]
[WhiteClock "0:00:02"]
[BlackClock "0:00:44"]

1. e4 g6 2. d4 Bg7 3. Nc3 d6 4. Be3 Nf6 5. h3 O-O 6. g4 e5 7. d5 c6 8. g5 Ne8 9. h4 cxd5 10. Nxd5 f5 11. gxf6 Nxf6 12. Bc4 Kh8 13. h5 Bg4 14. f3 Bxh5 15. Nxf6 Qxf6 16. Qd2 Bxf3 17. Bg5 Bxh1 18. Bxf6 Rxf6 19. O-O-O Bxe4 20. Qe2 Bc6 21. Nh3 h6 22. Qh2 Nd7 23. Ng5 d5 24. Bxd5 Bxd5 25. Rxd5 Nb6 26. Rd1 Raf8 27. Ne4 Rf4 28. Nd6 e4 29. Qg2 Kh7 30. Nxe4 Nc4 31. b3 Ne3 0-1


[Site "https://www.chess.com"]

[Event "Titled Tuesday Blitz January 10 Late 2023"]
[White "Ladan, Nicholas"]
[Black "Dedona, Mark"]
[WhiteFideId "30918855"]
[BlackFideId "30920256"]
[WhiteElo "2228"]
[BlackElo "1662"]
[Result "1-0"]
[Round "09"]
[TimeControl "180+2"]
[Date "2023.01.10"]
[WhiteClock "0:02:03"]
[BlackClock "0:02:16"]

1. b4 Nf6 2. Bb2 e6 3. a3 d5 4. e3 Be7 5. Nf3 O-O 6. d3 Nbd7 7. Nbd2 a5 8. b5 c5 9. bxc6 bxc6 10. c4 Ba6 11. Be2 Qc7 12. O-O Rab8 13. Qc2 Rb7 14. Bc3 Rfb8 15. Rfb1 Nc5 16. Be5 Bd6 17. Bxf6 gxf6 18. Bf1 Nd7 19. d4 Rxb1 20. Rxb1 Rxb1 21. Qxb1 Qb7 22. c5 Qxb1 23. Nxb1 Be7 24. Bxa6 1-0


[Site "https://www.chess.com"]

[Event "Titled Tuesday Blitz January 10 Late 2023"]
[White "Gurevich, Dmitry"]
[Black "Aspire_ie"]
[WhiteFideId "2000407"]
[WhiteElo "2393"]
[BlackElo "2352"]
[Result "0-1"]
[Round "09"]
[TimeControl "180+2"]
[Date "2023.01.10"]
[WhiteClock "0:00:02"]
[BlackClock "0:00:18"]

1. d4 d6 2. Nf3 Nf6 3. c4 g6 4. Nc3 Bg7 5. e4 O-O 6. Be2 Nbd7 7. O-O e5 8. Be3 c6 9. d5 c5 10. g3 h6 11. Nh4 Kh7 12. Qc2 a6 13. a4 a5 14. f3 Nb8 15. Bd3 Na6 16. Qd2 Nb4 17. Bb1 Bd7 18. Ra3 Nh5 19. Ng2 f5 20. exf5 Bxf5 21. Ne4 Nf6 22. Nh4 Bxe4 23. Bxe4 Nxe4 24. fxe4 Rxf1+ 25. Kxf1 Qd7 26. Kg2 Qg4 27. Rc3 Rf8 28. h3 Qxe4+ 29. Kh2 Rf1 30. Ng2 Qb1 31. Rc1 Rxc1 32. Qxc1 Qxc1 33. Bxc1 Nd3 34. Bd2 Nxb2 35. Bxa5 Nxc4 36. Bc7 Bf8 37. Kg1 Kg7 38. Kf2 Kf7 39. Ke2 Ke7 40. Ne3 Nxe3 41. Kxe3 Kd7 42. Bb8 Be7 43. Ke4 Bd8 44. g4 Bb6 0-1


[Site "https://www.chess.com"]

[Event "Titled Tuesday Blitz January 10 Late 2023"]
[White "Silva, Caio Henrique Angelico"]
[Black "reevecanada"]
[WhiteFideId "22777210"]
[WhiteElo "2129"]
[BlackElo "2497"]
[Result "1-0"]
[Round "09"]
[TimeControl "180+2"]
[Date "2023.01.10"]
[WhiteClock "0:00:26"]
[BlackClock "0:01:22"]

1. Nf3 d5 2. g3 Nf6 3. Bg2 c5 4. O-O Nc6 5. d4 cxd4 6. Nxd4 e5 7. Nxc6 bxc6 8. c4 Be7 9. Nc3 Bb7 10. cxd5 cxd5 11. Qa4+ Qd7 12. Qxd7+ Kxd7 13. Rd1 Ke6 14. Bg5 Rad8 15. Rac1 a6 16. Na4 h6 17. Bxf6 Kxf6 18. Rc7 Ba8 19. Nb6 Ke6 20. Nxa8 Rxa8 21. Bxd5+ Kf6 22. Bxa8 Rxa8 23. Rdd7 Bf8 24. Rxf7+ Kg6 25. Kg2 Rb8 26. Rb7 Rc8 27. Rfc7 Rd8 28. Rc6+ Kh7 29. Rxa6 Rd2 30. Ra8 Bc5 31. Rc8 Bd4 32. Kf3 Kg6 33. Rc6+ Kh5 34. e3 Bxb2 35. a4 g6 36. a5 Kg5 37. a6 Kf5 38. g4+ Kg5 39. a7 Rd8 40. Rxb2 Rf8+ 41. Ke2 h5 42. Rb8 Rf7 43. a8=Q hxg4 44. Rg8 Kh5 45. Rcxg6 e4 46. Qxe4 Rxf2+ 47. Kxf2 g3+ 48. Ke2 gxh2 49. Qg4# 1-0


[Site "https://www.chess.com"]